Map: Romanticide LE

Players

Clem

  • Race: Terran Terran

Spirit (souL) - Winner!

  • Race: Terran Terran

Event: DreamHack SC2 Masters 2021 Winter

VOD

Have the link to the VOD?

Description

Time

  • Played on: Oct. 7, 2021, 1:09 p.m.
  • Length: 17:50

All games in this series

Show
View Real Time Build Order
Export as new Build Order

Clem Terran 

Build Orders: Reaper Expand 

Get SALT Encoding   

  12  0:00  SCV  
  13  0:12  SCV  
  14  0:16  Supply Depot  
  14  0:24  SCV  
  15  0:38  SCV  
  15  0:39  Barracks  
  16  0:43  Refinery  
  16  0:50  SCV  
  17  1:02  SCV  
  18  1:14  SCV  
  19  1:27  Reaper, Orbital Command  
  20  1:41  Command Center  
  20  1:53  Supply Depot, SCV  
  20  1:59  Marine  
  21  2:05  SCV  
  22  2:09  Factory  
  22  2:16  Refinery  
  22  2:17  SCV  
  22  2:20  Barracks Reactor  
  23  2:29  SCV  
  24  2:42  SCV  
  25  2:53  Orbital Command  
  25  2:54  Starport, SCV  
  25  2:56  Widow Mine  
  25  2:57  Marine x2  
  30  3:06  SCV  
  31  3:15  Marine x2  
  31  3:17  Factory Tech Lab  
  31  3:18  SCV  
  34  3:20  SCV  
  34  3:25  Refinery  
  35  3:30  Medivac, SCV  
  35  3:32  SCV, Marine  
  35  3:33  Marine  
  41  3:36  Cyclone  
  41  3:39  Supply Depot  
  44  3:43  SCV  
  44  3:45  SCV  
  46  4:00  Supply Depot  
  46  4:01  SCV x2  
  48  4:08  Command Center  
  48  4:14  Raven  
  48  4:16  Factory Tech Lab, Marine  
  51  4:17  Marine  
  51  4:20  SCV  
  51  4:21  SCV  
  54  4:28  Supply Depot  
  54  4:32  SCV  
  54  4:33  SCV  
  54  4:35  Marine x2  
  58  4:44  SCV  
  58  4:45  Supply Depot, SCV  
  58  4:47  Siege Tank  
  61  4:56  SCV  
  61  4:57  SCV  
  61  4:58  Raven  
  63  5:02  Barracks  
  63  5:04  Barracks  
  63  5:07  Refinery, Marine  
  63  5:08  Marine  
  63  5:09  SCV x2  
  67  5:16  Supply Depot  
  67  5:19  Orbital Command  
  67  5:21  SCV  
  68  5:22  SCV  
  68  5:25  Siege Tank  
  72  5:33  SCV  
  73  5:36  Engineering Bay  
  73  5:37  SCV, Engineering Bay  
  74  5:45  SCV  
  74  5:48  Stimpack, Marine  
  74  5:49  SCV  
  78  5:50  Orbital Command  
  78  5:51  Barracks Reactor x2  
  78  5:56  Viking  
  79  5:57  Viking  
  79  6:01  Siege Tank  
  79  6:02  SCV  
  79  6:03  SCV  
  86  6:08  Terran Infantry Weapons Level 1  
  86  6:09  Marine  
  87  6:14  SCV  
  87  6:16  Supply Depot  
  87  6:17  SCV  
  87  6:18  SCV  
  90  6:23  Terran Infantry Armor Level 1  
  90  6:26  Supply Depot, SCV  
  90  6:27  Marine  
  90  6:29  SCV  
  90  6:30  SCV  
  94  6:33  Viking x2  
  94  6:34  Marine  
  94  6:36  Marine  
  94  6:39  Marine x2  
  102  6:44  SCV  
  102  6:45  Supply Depot, Marine  
  102  6:46  SCV  
  105  6:49  SCV, Siege Tank  
  109  6:56  Refinery x2  
  109  6:57  SCV, Marine  
  109  6:59  Supply Depot, Marine x2  
  109  7:01  Marine  
  113  7:05  SCV  
  113  7:08  Viking  
  114  7:09  Viking  
  114  7:11  SCV  
  114  7:17  SCV, Marine  
  114  7:20  Marine  
  103  7:23  SCV  
  103  7:24  Siege Tank  
  103  7:27  Orbital Command  
  103  7:29  SCV  
  100  7:35  SCV, Marine x2  
  100  7:36  Marine  
  100  7:39  Medivac, Marine  
  100  7:42  SCV, Combat Shield  
  104  7:45  Marine  
  104  7:47  SCV  
  106  7:51  Medivac  
  106  7:54  SCV x2, Marine  
  106  7:55  Supply Depot  
  106  7:58  Marine x2  
  112  7:59  SCV  
  114  8:06  Supply Depot, SCV  
  114  8:09  SCV, Barracks  
  114  8:10  Barracks  
  114  8:11  SCV  
  117  8:18  SCV  
  117  8:19  Armory  
  118  8:20  Siege Tank  
  118  8:21  SCV  
  118  8:24  Medivac  
  118  8:25  SCV  
  125  8:28  Marine  
  125  8:29  Marine x3  
  125  8:31  SCV  
  131  8:35  SCV  
  131  8:41  SCV, Sensor Tower  
  132  8:46  Marine x2  
  132  8:47  Marine, Orbital Command  
  135  8:49  SCV  
  135  8:51  Factory  
  135  8:52  Marine  
  135  8:54  SCV  
  135  8:55  Siege Tank  
  135  9:01  SCV  
  122  9:06  SCV, Medivac  
  122  9:09  Marine  
  115  9:12  Marine x2  
  115  9:13  SCV x2  
  115  9:16  Marine  
  120  9:18  SCV  
  120  9:20  Barracks Reactor x2  
  119  9:25  SCV x2  
  119  9:26  Terran Infantry Weapons Level 2  
  119  9:27  Siege Tank  
  119  9:28  Barracks Reactor  
  119  9:30  SCV  
  123  9:32  Marine  
  123  9:37  SCV x2  
  125  9:39  Medivac  
  125  9:42  SCV  
  125  9:44  Command Center  
  128  9:49  SCV  
  128  9:50  SCV  
  128  9:52  Supply Depot, Marine x2  
  131  9:55  Marine x2  
  131  9:57  Marine x4  
  131  9:59  SCV, Siege Tank  
  142  10:02  SCV  
  143  10:08  Supply Depot, SCV  
  143  10:09  Medivac x2  
  148  10:14  Siege Tank  
  148  10:15  SCV  
  148  10:20  Marine  
  153  10:21  SCV  
  153  10:22  Marine  
  153  10:23  Marine x2  
  153  10:25  SCV  
  153  10:26  Supply Depot  
  153  10:27  SCV  
  155  10:34  SCV  
  153  10:35  Marine  
  153  10:38  Marine x2  
  153  10:40  SCV  
  153  10:41  Marine  
  153  10:42  Marine x2  
  130  10:43  SCV, Marine  
  130  10:46  SCV  
  130  10:48  Marine x2  
  134  10:52  SCV  
  134  10:53  Marine x2  
  134  10:55  SCV, Siege Tank  
  140  10:58  SCV  
  140  11:01  Siege Tank  
  145  11:04  SCV  
  145  11:07  Marine  
  145  11:08  SCV, Marine  
  145  11:09  Marine x2  
  150  11:12  Marine  
  150  11:15  SCV  
  150  11:17  Marine x2  
  150  11:18  SCV, Sensor Tower  
  155  11:20  Supply Depot, SCV  
  155  11:23  Marine x2  
  155  11:25  Marine  
  159  11:27  Siege Tank  
  159  11:28  SCV  
  159  11:29  Marine x2  
  159  11:30  SCV  
  159  11:32  SCV  
  142  11:33  Marine x2  
  142  11:36  Marine  
  146  11:40  Planetary Fortress  
  146  11:42  Marine  
  146  11:43  SCV  
  147  11:48  Marine x2  
  147  11:49  Marine x4  
  147  11:50  Siege Tank  
  147  11:51  SCV  
  151  11:57  Marine x2  
  151  11:59  Viking x2  
  155  12:02  Refinery  
  155  12:12  Marine x2  
  153  12:17  Siege Tank, Marine x2  
  153  12:18  Marine x3  
  153  12:19  Marine  
  153  12:20  Marine  
  153  12:22  Marine  
  156  12:25  Siege Tank  
  159  12:30  Marine x2  
  161  12:37  Marine x3  
  161  12:42  Marine x2  
  161  12:44  Command Center, Marine x2  
  146  12:47  Marine  
  146  12:48  Medivac  
  146  12:49  Siege Tank  
  146  12:50  Marine x2  
  132  12:55  Marine  
  132  12:57  Marine x2  
  132  12:58  Siege Tank  
  126  13:00  Marine x2  
  126  13:03  Marine  
  126  13:04  Marine  
  126  13:05  Marine  
  131  13:07  Viking  
  131  13:08  Marine x2  
  134  13:13  Marine  
  134  13:14  Marine  
  134  13:15  SCV  
  134  13:16  SCV x2, Marine  
  134  13:17  Starport  
  134  13:18  Marine  
  141  13:22  SCV, Marine  
  141  13:26  Siege Tank, Marine  
  147  13:30  Supply Depot, Siege Tank  
  147  13:31  Marine x2  
  147  13:33  Terran Vehicle Weapons Level 1  
  152  13:39  Marine  
  153  13:41  Marine  
  153  13:42  Marine x2  
  153  13:43  Marine  
  153  13:45  Marine x2  
  159  13:50  Viking  
  159  13:51  Marine  
  159  13:52  Marine  
  163  13:58  Siege Tank  
  163  14:00  Marine  
  167  14:06  Siege Tank  
  167  14:07  Marine  
  167  14:08  Marine x3  
  169  14:12  Marine  
  169  14:14  Marine x2  
  169  14:15  Marine x2  
  167  14:18  Marine  
  167  14:20  Starport Reactor  
  157  14:24  Marine  
  157  14:26  SCV  
  157  14:27  Marine  
  157  14:30  Siege Tank  
  155  14:38  Siege Tank, Orbital Command  
  148  14:39  Marine x2  
  148  14:41  Marine  
  148  14:43  Marine  
  148  14:45  Marine x2  
  155  14:46  Marine  
  155  14:47  Marine x2  
  155  14:49  Marine  
  155  14:52  SCV  
  159  14:57  Marine  
  159  14:59  Marine  
  156  15:00  Marine x2  
  156  15:02  Siege Tank  
  156  15:03  Marine x2  
  156  15:04  Marine  
  156  15:05  Marine x2  
  156  15:07  Marine  
  156  15:09  SCV  
  156  15:13  SCV  
  157  15:15  Marine  
  157  15:16  Marine  
  157  15:17  Orbital Command  
  157  15:18  Marine x2  
  157  15:21  Marine x2  
  145  15:22  Siege Tank  
  145  15:23  SCV  
  145  15:28  Marine x3  
  148  15:33  SCV  
  151  15:37  SCV  
  151  15:38  Marine x2  
  151  15:41  Supply Depot x2, Marine  
  154  15:43  Marine  
  154  15:45  Marine  
  154  15:48  Marine  
  157  15:50  SCV  
  157  15:51  Marine x2  
  157  15:56  Marine  
  161  16:00  Siege Tank  
  163  16:06  Siege Tank, Marine  
  163  16:08  Marine  
  168  16:11  Marine x2  
  168  16:13  Marine  
  168  16:18  Marine x2  
  173  16:29  Engineering Bay  
  173  16:31  Engineering Bay  
  173  16:35  Siege Tank  
  175  16:41  Command Center  
  173  16:50  Siege Tank  
  140  16:54  Marine  
  140  16:57  Marine x3  
  140  16:58  Marine x2  
  133  17:02  Marine  
  133  17:03  Marine  
  133  17:07  Siege Tank  
  134  17:13  Marine x3  
  134  17:15  Marine  
  124  17:22  Widow Mine  
  124  17:24  Marine x4  
  124  17:28  Marine x2  
  123  17:31  Marine x2  
  123  17:33  SCV  
  123  17:35  SCV  
Show
View Real Time Build Order
Export as new Build Order

Spirit Terran - Winner!

Build Orders:  

Get SALT Encoding   

  12  0:00  SCV  
  13  0:12  SCV  
  14  0:18  Supply Depot  
  14  0:24  SCV  
  15  0:40  SCV  
  15  0:42  Barracks  
  16  0:43  Refinery  
  16  0:52  SCV  
  17  1:04  SCV  
  18  1:16  SCV  
  19  1:29  Marine, Orbital Command  
  20  1:40  Command Center  
  20  1:47  Reaper  
  20  1:52  Supply Depot  
  21  1:55  SCV  
  22  2:04  Factory  
  22  2:08  SCV  
  23  2:18  Bunker  
  23  2:21  Reaper  
  24  2:24  Refinery  
  24  2:25  SCV  
  25  2:37  SCV  
  26  2:49  Hellion, SCV  
  29  2:53  Orbital Command  
  29  2:54  Starport  
  29  3:01  Refinery  
  29  3:02  SCV  
  29  3:03  Barracks Reactor  
  30  3:10  Hellion  
  32  3:14  SCV  
  32  3:19  SCV  
  34  3:22  Supply Depot  
  34  3:26  SCV  
  35  3:31  SCV  
  35  3:32  Factory Tech Lab  
  35  3:33  Starport Tech Lab  
  36  3:38  SCV  
  36  3:40  Marine x2  
  39  3:41  Supply Depot  
  39  3:43  SCV  
  40  3:50  SCV  
  40  3:51  Raven  
  40  3:55  SCV  
  44  3:57  Cyclone  
  44  4:01  Marine  
  44  4:02  SCV  
  49  4:03  Marine  
  49  4:07  SCV  
  51  4:14  Supply Depot, SCV  
  52  4:19  SCV, Marine  
  52  4:20  Marine  
  55  4:26  SCV  
  56  4:34  Raven  
  56  4:37  Marine  
  56  4:38  SCV, Marine  
  57  4:41  SCV  
  58  4:49  Siege Tank  
  58  4:50  SCV  
  61  4:53  SCV  
  61  4:55  Marine  
  61  4:56  Marine  
  64  5:01  Command Center  
  64  5:02  SCV  
  64  5:06  SCV  
  64  5:07  Supply Depot  
  67  5:14  SCV  
  67  5:18  SCV  
  68  5:26  SCV  
  68  5:27  Starport Reactor  
  72  5:28  Siege Tank  
  72  5:29  Barracks x2  
  72  5:30  Stimpack, SCV  
  72  5:31  Supply Depot  
  73  5:36  Refinery  
  73  5:38  SCV  
  73  5:39  Marine  
  75  5:43  SCV  
  75  5:45  Supply Depot  
  75  5:49  Supply Depot  
  76  5:50  SCV  
  76  5:55  SCV  
  78  5:57  Marine  
  78  6:03  SCV, Engineering Bay  
  83  6:04  Engineering Bay  
  83  6:05  Medivac x2  
  83  6:09  SCV  
  85  6:15  Marine  
  85  6:16  Orbital Command  
  85  6:18  Marine x3  
  89  6:20  SCV  
  89  6:24  Siege Tank  
  93  6:26  SCV  
  93  6:31  Terran Infantry Weapons Level 1, Terran Infantry Armor Level 1  
  94  6:33  SCV, Marine  
  94  6:35  Marine  
  94  6:38  SCV  
  98  6:42  Starport Reactor  
  98  6:45  Marine x3  
  101  6:48  SCV  
  101  6:50  Marine, Orbital Command  
  101  6:51  SCV  
  101  6:52  Supply Depot  
  101  6:53  Marine  
  103  6:56  Siege Tank  
  103  7:00  SCV  
  107  7:03  SCV, Marine x3  
  111  7:08  Marine  
  111  7:10  Combat Shield  
  111  7:11  Marine  
  111  7:12  Supply Depot  
  111  7:13  Supply Depot, SCV  
  114  7:20  SCV, Marine  
  114  7:21  SCV, Marine x2  
  117  7:25  SCV  
  117  7:27  Marine  
  117  7:28  Siege Tank  
  119  7:32  SCV  
  119  7:35  Medivac x2, Marine  
  119  7:36  SCV  
  113  7:37  SCV  
  114  7:44  Barracks  
  114  7:45  SCV, Marine x2, Barracks  
  114  7:46  Armory  
  114  7:48  SCV  
  114  7:49  SCV  
  119  7:57  SCV  
  117  8:00  SCV  
  117  8:02  SCV  
  117  8:05  Medivac x2  
  121  8:07  Marine x5  
  121  8:09  SCV  
  129  8:13  SCV  
  129  8:14  SCV, Refinery x2  
  131  8:21  SCV  
  131  8:25  SCV, Marine x5  
  136  8:30  SCV, Siege Tank  
  136  8:31  Marine  
  141  8:41  Marine  
  141  8:42  Supply Depot, Medivac x2, Marine  
  141  8:43  Supply Depot, Marine x2  
  149  8:59  Marine  
  149  9:01  Marine x3  
  149  9:03  Marine  
  149  9:04  Marine  
  147  9:12  Medivac x2  
  147  9:17  Terran Infantry Weapons Level 2, Terran Infantry Armor Level 2, Marine  
  145  9:19  Marine x2  
  145  9:21  Barracks Reactor x2  
  145  9:22  Command Center  
  140  9:26  Marine x2  
  140  9:27  Supply Depot  
  140  9:28  Supply Depot  
  134  9:31  Siege Tank  
  134  9:34  Marine  
  134  9:36  Marine  
  134  9:37  Marine  
  137  9:39  SCV x3  
  137  9:44  Marine x2  
  142  9:50  Medivac, Sensor Tower  
  142  9:52  Marine  
  144  9:54  Terran Vehicle Weapons Level 1, Marine  
  144  9:55  Factory, Marine  
  147  10:01  Marine  
  147  10:02  Marine x2  
  147  10:04  Siege Tank  
  147  10:05  Marine x2  
  155  10:07  Marine  
  155  10:10  Marine  
  155  10:12  Marine x2  
  159  10:19  Marine x2  
  159  10:20  Marine  
  162  10:22  Marine  
  162  10:23  Marine  
  162  10:25  Marine  
  162  10:26  Viking x2  
  162  10:28  Marine  
  169  10:30  Marine x2  
  172  10:36  Siege Tank, Marine  
  172  10:37  Marine x2  
  172  10:40  Marine x2  
  147  10:43  Marine  
  147  10:46  Marine  
  147  10:48  Marine x2  
  137  10:53  SCV  
  137  10:54  Marine  
  137  10:55  Marine x2  
  137  10:56  Medivac x2  
  143  10:58  Marine x2  
  143  11:01  Marine  
  143  11:04  SCV, Marine  
  147  11:05  Marine  
  147  11:06  SCV x2  
  147  11:07  Marine  
  147  11:08  Siege Tank  
  155  11:13  Marine  
  155  11:16  SCV  
  154  11:22  Marine x4  
  158  11:26  Medivac  
  135  11:33  Marine  
  135  11:34  Marine x4  
  133  11:40  Siege Tank, Marine x4  
  133  11:41  Medivac  
  136  11:51  Marine x4  
  136  11:52  Marine  
  136  11:53  Terran Infantry Weapons Level 3, Terran Infantry Armor Level 3  
  140  11:58  Marine x4  
  144  12:08  Medivac  
  146  12:09  Marine x5  
  146  12:11  Medivac  
  146  12:12  Siege Tank  
  155  12:15  Marine x2  
  155  12:16  Marine x2  
  156  12:26  Marine  
  156  12:27  Marine x4  
  161  12:33  Marine x4  
  145  12:44  Siege Tank, Marine  
  145  12:45  Marine x4  
  149  12:51  Marine x4  
  149  12:58  Liberator x2  
  150  13:02  Marine  
  150  13:03  Marine x3  
  150  13:04  SCV x3  
  164  13:07  Planetary Fortress  
  164  13:09  Marine  
  165  13:14  Factory Tech Lab  
  165  13:16  SCV x3, Siege Tank  
  170  13:24  Command Center  
  170  13:25  Refinery, Sensor Tower  
  170  13:26  Refinery  
  170  13:28  Armory, Marine  
  170  13:29  Starport, Marine  
  170  13:31  Starport  
  172  13:37  Marine x5  
  172  13:39  Siege Tank  
  180  13:42  Marine  
  181  13:48  Siege Tank, Marine  
  181  13:50  Marine  
  186  13:58  Marine x2  
  188  14:06  Marine  
  188  14:07  Marine  
  188  14:08  Marine  
  191  14:11  Siege Tank  
  191  14:15  Marine x2  
  191  14:16  Marine  
  189  14:18  Marine  
  189  14:20  Siege Tank  
  189  14:21  Marine  
  189  14:23  Marine  
  190  14:26  Marine  
  190  14:28  Marine x2  
  193  14:32  Marine, Terran Vehicle And Ship Armor Level 1  
  193  14:33  Marine  
  193  14:34  Marine  
  193  14:36  Marine  
  188  14:39  Marine  
  188  14:41  Viking x2, Marine  
  188  14:43  Siege Tank  
  188  14:44  Marine  
  198  14:46  Marine x2  
  198  14:49  Planetary Fortress  
  198  14:50  Marine x2  
  198  14:52  Marine  
  198  14:54  Marine  
  198  14:57  Marine  
  198  14:59  Marine  
  199  15:02  Marine  
  199  15:05  Starport Reactor  
  199  15:06  Starport Reactor  
  191  15:15  Siege Tank  
  191  15:19  Marine  
  184  15:25  Marine  
  180  15:30  Liberator x2  
  183  15:35  Marine  
  183  15:38  Factory Tech Lab  
  184  15:44  Marine  
  184  15:45  Marine x2  
  184  15:46  Marine x2  
  184  15:47  Marine  
  184  15:48  Siege Tank  
  193  15:50  Marine  
  193  15:55  Viking  
  196  15:58  Command Center  
  196  16:00  Command Center  
  196  16:03  Fusion Core  
  195  16:13  Viking x2  
  192  16:22  Liberator x2  
  194  16:40  Siege Tank  
  194  16:43  Viking x2  
  200  16:48  Marine  
  200  16:50  Marine  
  200  16:51  Marine x7  
  174  16:56  Siege Tank  
  175  17:06  Marine  
  176  17:08  Marine x5  
  176  17:09  Marine x3  
  176  17:12  Siege Tank  
  166  17:24  Marine  
  166  17:26  Marine x8  

Tags
 
Add a new tag
Caveats
  • Supply blocks, unpowered buildings, or Contaminate may cause inaccurate times.
  • Supply counts are checked every 10 seconds.